 Dungeon Crawl Stone Soup version 0.16-a0-764-g7febf84 (webtiles) character file.

14426 MRaven the Geomancer (level 11, -1/97 HPs)
             Began as a Deep Dwarf Earth Elementalist on Sept 21, 2014.
             Was an Elder of Makhleb.
             Slain by a naga ritualist
             ... wielding a +0 scimitar of venom
              (9 damage)
             ... on Level 3 of the Lair of Beasts on Sept 24, 2014.
             The game lasted 01:50:34 (19565 turns).

MRaven the Geomancer (DDEE)                        Turns: 19565, Time: 01:50:35

HP  -1/97        AC  1     Str 13      XL: 11   Next: 88%
MP   2/27        EV 15     Int 18      God: Makhleb [****..]
Gold 626         SH  0     Dex 16      Spells:  5 memorised, 13 levels left

rFire  + . .     SeeInvis .     F - +2 short sword (drain)
rCold  . . .     Clarity  .     C - -3 leather armour "Arutsol" {rF+}
rNeg   . . .     rCorr    +     (no shield)
rPois  x         rRot     .     (no helmet)
rElec  .         Spirit   .     m - +0 cloak
SustAb .         Warding  .     (no gloves)
rMut   .         Stasis   .     (no boots)
Gourm  .                        p - amulet of resist corrosion
MR     +....                    B - ring of stealth
                                w - +3 ring of dexterity

@: lethally poisoned, poison vulnerable, non-regenerating, constricted, somewhat
resistant to hostile enchantments, fairly stealthy
A: damage resistance, recharge devices, sense surroundings 2, slow healing 3
a: Device Recharging, Minor Destruction, Lesser Servant of Makhleb, Major
Destruction, Renounce Religion


You were on level 3 of the Lair of Beasts.
You worshipped Makhleb.
Makhleb was greatly pleased with you.
You were hungry.

You visited 3 branches of the dungeon, and saw 12 of its levels.
You also visited: Sewer and Ossuary.

You collected 642 gold pieces.
You spent 16 gold pieces at shops.

Inventory:

Hand weapons
 y - a +1 quarterstaff
 F - a +2 short sword of draining (weapon)
Missiles
 H - 140 stones (quivered)
Armour
 m - a +0 cloak (worn)
 o - a +2 robe of cold resistance
 A - a +3 ring mail of cold resistance
 C - the cursed -3 leather armour "Arutsol" (worn) {rF+}
   (You found it on level 3 of the Lair of Beasts)

   It protects you from fire.
   It has a curse placed upon it.
Magical devices
 a - a wand of heal wounds (0)
 j - a wand of lightning (0)
 l - a wand of slowing (0)
 D - a wand of confusion (4)
 L - a wand of fire (0)
Comestibles
 f - 9 bread rations
 h - 5 meat rations
 G - 7 beef jerkies
Scrolls
 d - a scroll of identify
 u - a scroll of amnesia
 z - 2 scrolls of fear
 E - a scroll of teleportation
 I - 2 scrolls of magic mapping
Jewellery
 p - an amulet of resist corrosion (around neck)
 w - a +3 ring of dexterity (left hand)
 B - a ring of stealth (right hand)
Potions
 b - 2 potions of lignification {unknown}
 c - a potion of flight {unknown}
 e - a potion of magic
 g - a potion of cancellation
 i - 4 potions of curing
 k - 2 potions of resistance {unknown}
 n - a potion of haste
 q - 2 potions of agility {unknown}
 s - 2 potions of restore abilities
 t - a potion of brilliance {unknown}
 v - a potion of mutation {unknown}
 x - 3 potions of might


   Skills:
 - Level 5.7 Fighting
 - Level 6.2 Dodging
 - Level 2.4 Stealth
 - Level 9.1 Spellcasting
 - Level 4.4 Conjurations
 + Level 2.7 Transmutations
 - Level 11.5 Earth Magic
 * Level 8.5 Invocations
 * Level 9.7 Evocations


You had 13 spell levels left.
You knew the following spells:

 Your Spells              Type           Power        Failure   Level  Hunger
a - Sandblast             Erth           #####.       1%          1    None
b - Stoneskin             Trmt/Erth      ####....     1%          2    None
c - Stone Arrow           Conj/Erth      #####.       1%          3    None
d - Lee's Rapid Deconstr  Erth           #####.....   2%          5    ####...
e - Petrify               Trmt/Erth      ####....     6%          4    ###....


Dungeon Overview and Level Annotations

Branches:
Dungeon (8/15)             Temple (1/1) D:4            Lair (3/8) D:8
  Swamp: Lair:3-6    Shoals: Lair:3-6     Snake: Lair:3-6    Spider: Lair:3-6

Altars:
Ashenzari
Dithmenos
Elyvilon
Gozag
Makhleb
Nemelex Xobeh
Okawaru
Qazlal
Trog
Vehumet
Xom
Yredelemnul
Zin
The Shining One

Shops:
D:4 [   D:8 (


Innate Abilities, Weirdness & Mutations

You are resistant to damage.
You can recharge devices by infusing magical energy.
You passively map the area around you.
You do not heal naturally.


Message History

The naga ritualist's toxic aura wanes.
The naga ritualist hits you with a scimitar of venom!
* * * LOW HITPOINT WARNING * * *
The naga ritualist grabs you.
* * * LOW HITPOINT WARNING * * *
The naga ritualist constricts you.
Your attempt to break free from the naga ritualist fails, but you feel that another attempt might succeed.
* * * LOW HITPOINT WARNING * * *
You feel extremely sick.
The naga ritualist casts a spell.
The naga ritualist begins to radiate toxic energy.
The naga ritualist constricts you.
A yak comes into view.
Drink which item? (? for menu, Esc to quit)
You feel better.
* * * LOW HITPOINT WARNING * * *
You are poisoned.
The yak moves out of view.
The naga ritualist hits you with a scimitar of venom!
You die...

......### ≈ ≈≈ , ,
##......# * * , ##....###
≈≈ * ,, #.......# ≈ ,, ,
, , .#....#.## ≈* * , ,
.##..###.#≈ ###≈≈ * *
.#..##...# #.# , .
.........+####.#####.....
,, .
................@N.......
,..
.........................
, ,..
....#.##.####....###.#..
, .. .....# ### ##....#
.. * , * ###.# #...## ,,
. ** .. * ## #...#** ...
., ** * #...., , , .[ ..
, , ......,, * * ,.. ., ,
..### ,,..


You could see a naga ritualist.

Vanquished Creatures
  2 hydras (Lair:2)
  3 spiny frogs
  Joseph (D:8)
  4 black mambas
  Psyche (D:8)
  2 komodo dragons (Lair:2)
  2 fire drakes
  A blink frog (Lair:2)
  6 yaks
  A wyvern (D:8)
  A hungry ghost (D:7)
  5 wolves (Lair:1)
  3 wargs (D:8)
  A hippogriff (Lair:1)
  9 water moccasins
  Purgy (Sewer)
  A black bear (Lair:2)
  An ogre (D:7)
  3 porcupines
  2 orc warriors
  3 sky beasts (D:8)
  An ice beast (D:6)
  2 phantoms
  3 centaurs
  Duvessa (D:8)
  A big kobold (D:8)
  4 crocodiles
  8 giant frogs
  6 water moccasin zombies (Ossuary)
  4 scorpions
  11 jellies (D:8)
  An electric eel (Lair:1)
  5 crimson imps
  A goliath beetle (D:6)
  Dowan (D:8)
  8 hounds
  A quasit (D:8)
  2 giant frog zombies
  4 orc priests
  9 orc wizards
  5 worker ants
  3 iguanas
  A big kobold zombie (Ossuary)
  Ijyb (D:6)
  2 mummies (Ossuary)
  17 adders
  12 gnolls
  16 green rats
  2 shadow imps (D:6)
  A giant mite (D:6)
  4 worms (D:2)
  5 adder zombies (Ossuary)
  5 giant geckos
  An ooze (D:1)
  28 orcs
  4 ball pythons
  22 bats
  A bat skeleton (D:6)
  2 gnoll zombies (Ossuary)
  20 hobgoblins
  8 jackals
  9 quokkas
  6 giant cockroaches
  9 giant newts
  A giant newt skeleton (D:4)
  17 goblins
  A hobgoblin skeleton (D:5)
  4 hobgoblin zombies (Ossuary)
  13 kobolds
  6 kobold zombies
  10 orc zombies
  21 rats
  A rat skeleton (D:6)
384 creatures vanquished.

Vanquished Creatures (collateral kills)
  A blink frog (Lair:3)
  2 hippogriffs (Lair:1)
  A wolf (Lair:1)
  A sky beast (D:8)
  An orc warrior (D:8)
  3 jellies (D:8)
  A hound (Lair:1)
  3 gnolls (D:8)
  A quokka (Lair:1)
14 creatures vanquished.

Vanquished Creatures (others)
  2 orange demons (Lair:3)
  A hellwing (Lair:3)
  A two-headed ogre (D:8)
  An ogre (D:8)
  2 orc zombies (D:8)
  A hobgoblin (D:8)
  A giant gecko (D:8)
  A kobold (D:8)
  A rat (D:8)
  A fungus (Lair:3)
  2 plants
14 creatures vanquished.

Grand Total: 412 creatures vanquished

Notes
Turn   | Place    | Note
--------------------------------------------------------------
     0 | D:1      | MRaven, the Deep Dwarf Earth Elementalist, began the quest for the Orb.
     0 | D:1      | Reached XP level 1. HP: 15/15 MP: 2/2
   337 | D:1      | Reached XP level 2. HP: 22/22 MP: 1/3
   365 | D:1      | Learned a level 2 spell: Stoneskin
   803 | D:1      | Reached skill level 5 in Earth Magic
  1286 | D:1      | Reached XP level 3. HP: 25/28 MP: 0/6
  1902 | D:2      | Learned a level 3 spell: Stone Arrow
  2500 | D:2      | Reached XP level 4. HP: 36/36 MP: 5/8
  2898 | D:2      | Reached skill level 1 in Conjurations
  3715 | D:3      | Reached XP level 5. HP: 36/42 MP: 8/11
  3890 | D:3      | Reached skill level 6 in Earth Magic
  4750 | D:3      | Reached XP level 6. HP: 32/49 MP: 0/13
  4977 | D:4      | Found a staircase to the Ecumenical Temple.
  4986 | D:4      | Found Prufathraph's Antique Armour Emporium.
  4989 | D:4      | Found a sand-covered staircase.
  5005 | Ossuary  | Entered an ossuary
  5346 | Ossuary  | Reached XP level 7. HP: 46/55 MP: 0/17
  5582 | Ossuary  | Reached skill level 7 in Earth Magic
  5935 | Ossuary  | HP: 2/55 [mummy (14)]
  5938 | Ossuary  | Reached skill level 5 in Spellcasting
  6069 | D:4      | Bought an embroidered robe for 16 gold pieces
  6089 | Temple   | Entered the Ecumenical Temple
  6134 | Temple   | Became a worshipper of Makhleb the Destroyer
  6512 | D:4      | Found a sparkling altar of Nemelex Xobeh.
  6516 | D:4      | Found a stormy altar of Qazlal.
  6596 | D:5      | Entered Level 5 of the Dungeon
  7829 | D:5      | Acquired Makhleb's first power
  8067 | D:6      | Found a glowing drain.
  8077 | D:6      | Reached XP level 8. HP: 48/62 MP: 12/19
  8088 | Sewer    | Entered a sewer
  8143 | Sewer    | Upgraded the game from 0.16-a0-715-g16937c4 to 0.16-a0-734-gc254e8c
  8183 | Sewer    | Noticed Purgy
  8193 | Sewer    | Killed Purgy
  8193 | Sewer    | Acquired Makhleb's second power
  8612 | D:6      | Upgraded the game from 0.16-a0-734-gc254e8c to 0.16-a0-747-geaeaf20
  9354 | D:6      | Noticed Ijyb
  9358 | D:6      | Killed Ijyb
  9377 | D:6      | Reached skill level 5 in Dodging
  9377 | D:6      | Reached skill level 8 in Earth Magic
  9442 | D:6      | Upgraded the game from 0.16-a0-747-geaeaf20 to 0.16-a0-764-g7febf84
 10315 | D:7      | Gained mutation: You passively map the area around you. [level up]
 10315 | D:7      | Reached XP level 9. HP: 68/68 MP: 9/22
 10546 | D:7      | Found a radiant altar of Vehumet.
 10684 | D:7      | Learned a level 5 spell: Lee's Rapid Deconstruction
 11020 | D:7      | Reached skill level 1 in Evocations
 11215 | D:7      | Reached skill level 1 in Fighting
 11477 | D:7      | Acquired Makhleb's third power
 11518 | D:8      | Noticed Duvessa
 11518 | D:8      | Noticed Dowan
 11527 | D:8      | Killed Dowan
 11531 | D:8      | Killed Duvessa
 11531 | D:8      | Reached skill level 9 in Earth Magic
 11746 | D:8      | Reached skill level 1 in Invocations
 11860 | D:8      | Noticed Joseph
 11882 | D:8      | Killed Joseph
 12372 | D:8      | Found a staircase to the Lair.
 12687 | D:8      | Reached XP level 10. HP: 80/84 MP: 9/24
 13039 | D:8      | Noticed Psyche
 13045 | D:8      | Killed Psyche
 13182 | D:8      | Acquired Makhleb's fourth power
 13198 | D:8      | Reached skill level 5 in Evocations
 13386 | D:8      | Found Raef's Weapon Boutique.
 13669 | D:8      | Found a shimmering altar of Xom.
 13679 | D:8      | Got a slimy leather armour
 13696 | D:8      | Identified the -2 leather armour of Grace {rC+} (You found it on level 8 of the Dungeon)
 14151 | D:8      | Reached skill level 10 in Earth Magic
 14281 | D:8      | Found a glowing golden altar of the Shining One.
 14522 | Lair:1   | Entered Level 1 of the Lair of Beasts
 14793 | Lair:1   | Reached skill level 5 in Fighting
 14956 | Lair:1   | Reached skill level 5 in Invocations
 15690 | Lair:1   | Noticed a black mamba
 15695 | Lair:1   | Killed a black mamba
 15813 | Lair:1   | Reached XP level 11. HP: 84/97 MP: 14/27
 16476 | Lair:2   | Learned a level 4 spell: Petrify
 16858 | Lair:2   | Noticed a four-headed hydra
 16864 | Lair:2   | Killed a four-headed hydra
 17190 | Lair:2   | Reached skill level 11 in Earth Magic
 17332 | Lair:2   | Noticed a seven-headed hydra
 17354 | Lair:2   | Killed a seven-headed hydra
 17786 | Lair:3   | Reached skill level 1 in Transmutations
 19427 | Lair:3   | Got a steaming leather armour
 19438 | Lair:3   | Identified the cursed -3 leather armour "Arutsol" {rF+} (You found it on level 3 of the Lair of Beasts)
 19550 | Lair:3   | Noticed a naga ritualist
 19564 | Lair:3   | HP: 3/97 [poisoned by a naga ritualist (toxic radiance)]
 19565 | Lair:3   | Slain by a naga ritualist

Action                   |  1- 3 |  4- 6 |  7- 9 | 10-12 || total
-------------------------+-------+-------+-------+-------++-------
Melee: Club              |    48 |    37 |    30 |       ||   115
       Quarterstaff      |       |       |    13 |       ||    13
       Short sword       |       |       |    95 |    76 ||   171
Throw: Stone             |       |       |     2 |       ||     2
 Cast: Sandblast         |    67 |   115 |   203 |     6 ||   391
       Stone Arrow       |     4 |    25 |   165 |   301 ||   495
       Stoneskin         |     2 |     2 |     9 |     2 ||    15
Invok: Minor Destruction |       |       |     2 |       ||     2
       Lesser Servant of |       |       |       |     9 ||     9
 Abil: Device Recharging |       |       |     1 |       ||     1
Evoke: Wand              |     1 |     4 |    10 |    24 ||    39
  Use: Scroll            |     3 |     2 |    14 |     3 ||    22
       Potion            |       |       |     7 |     7 ||    14
 Stab: Sleeping          |     1 |       |     3 |       ||     4
       Distracted        |       |       |       |     1 ||     1
       Confused          |       |       |       |     2 ||     2
  Eat: Chunk             |     7 |    11 |    19 |    12 ||    49
       Fruit             |       |     1 |     5 |       ||     6
       Pizza             |       |       |     2 |     2 ||     4
       Bread ration      |       |       |     1 |       ||     1
       Beef jerky        |       |       |       |     2 ||     2
       Meat ration       |       |       |       |     1 ||     1
